 Dungeon Crawl Stone Soup version 0.28-a0-589-g333b8329f1 (webtiles) character file.

Game seed: 5364240019071593226

14 ytrimaz the Covered (level 2, 21/27 HPs)
             Began as a Deep Dwarf Fighter on Oct 4, 2021.
             Quit the game on level 1 of the Dungeon.
             The game lasted 00:01:01 (767 turns).

ytrimaz the Covered (Deep Dwarf Fighter)             Turns: 767, Time: 00:01:02

Health: 21/27      AC:  6    Str: 19    XL:     2   Next: 31%
Magic:  2/2        EV:  9    Int:  8    God:
Gold:   20         SH:  4    Dex: 12    Spells: 1/1 levels left

rFire   . . .      SeeInvis .   a - +0 war axe
rCold   . . .      Faith    .   c - +0 buckler
rNeg    . . .      Spirit   .   b - +0 scale mail
rPois   .          Reflect  .   (no helmet)
rElec   .          Harm     .   (no cloak)
rCorr   .          Rampage  .   (no gloves)
Will    .....                   (no boots)
Stlth   ..........              (no amulet)
HPRegen 0.00/turn               (no ring)
MPRegen 0.08/turn               (no ring)

@: no status effects
A: damage resistance, heal wounds, sense surroundings 1, no regeneration
a: Heal Wounds


You were on level 1 of the Dungeon.
You visited 1 branch of the dungeon, and saw 1 of its levels.

You collected 20 gold pieces.

Inventory:

Hand Weapons
 a - a +0 war axe (weapon)
Armour
 b - a +0 scale mail (worn)
 c - a +0 buckler (worn)
Jewellery
 g - an amulet of guardian spirit
Scrolls
 e - a scroll of identify {unknown}
 h - a scroll of vulnerability {unknown}
Potions
 d - a potion of might
 f - a potion of curing {unknown}


   Skills:
 + Level 2.9 Fighting
 + Level 2.4 Axes
 + Level 3.5 Armour
 + Level 0.2 Dodging
 + Level 3.4 Shields


You had one spell level left.
You didn't know any spells.
Your spell library contained the following spells:

 Spells                   Type           Power      Damage    Failure   Level
 Scorch                   Fire           0%         2d5       91%         2
 Flame Wave               Conj/Fire      0%         3d3       100%        4
 Summon Cactus Giant      Summ           0%         N/A       100%        6


Dungeon Overview and Level Annotations

Branches:
Dungeon (1/15)

Altars:


Innate Abilities, Weirdness & Mutations

You are resistant to damage.
You can heal yourself by infusing magical energy.
You passively map a small area around you.
You do not regenerate.


Message History

Found an escape hatch in the floor.
There is an escape hatch in the floor here.
Found a club.
Found 20 stones.
Found a stone staircase leading down.
You pick up a book of Scorching and begin reading...
You add the spells Scorch, Flame Wave and Summon Cactus Giant to your library.
You now have 5 gold pieces.
h - a scroll labelled FOVOUF LOAMYI
There is a stone staircase leading down here.
You see here 20 stones.
You now have 20 gold pieces (gained 15).
A rat comes into view.
A rat is nearby!
You hit the rat.
You kill the rat!
Found a dagger.
You see here a rat corpse.
Found a stone staircase leading down.
Found 16 stones.
There is a stone staircase leading down here.
You see here 16 stones.
A kobold comes into view. It is wielding a +0 short sword.
A kobold is nearby!
You hit the kobold.
The kobold is moderately wounded.
The kobold hits you but does no damage.
You closely miss the kobold.
The kobold is moderately wounded.
The kobold barely misses you.
The kobold hits you with a +0 short sword.
You slash the kobold!
You kill the kobold!
Things that are here:
a +0 short sword; a kobold corpse
There is a large open door here.
There is a large open door here.
Done exploring.
Done exploring.
Done exploring.
Are you sure you want to abandon this character and quit the game? (Confirm with "yes".)

#### ######
...# ##....##
##.#
###.####.#
#.#
#.'####8.#
#.#
#.'#...#.#
#.#
#.#..<.#.#
#.#
#.##...#.#
##.#
#.####@#.#
.(.########.#
##..#
###.........#
#### #
#.#########
###.# ...##
#.## #.# #.#


There were no monsters in sight!

Vanquished Creatures
  A dart slug (D:1)
  An endoplasm (D:1)
  A goblin (D:1)
  2 hobgoblins (D:1)
  2 ball pythons (D:1)
  2 bats (D:1)
  2 kobolds (D:1)
  2 rats (D:1)
13 creatures vanquished.

Notes
Turn   | Place    | Note
-------+----------+-------------------------------------------
     0 | D:1      | ytrimaz the Deep Dwarf Fighter began the quest for the Orb.
     0 | D:1      | Reached XP level 1. HP: 20/20 MP: 1/1
   231 | D:1      | Reached XP level 2. HP: 21/27 MP: 2/2
   767 | D:1      | Quit the game

Illustrated notes

Levels and vault maps discovered:
D:1:      saegor_arrival_simple_e, layout_loops_ring

Action                   || total
-------------------------++-------
Melee: War axe           ||    27
Armor: Scale mail        ||    12
Dodge: Dodged            ||    11
Block: Buckler           ||     8

Table legend: (Time is in decaauts)
 A = Elapsed time spent in this place.
 B = Non-inter-level travel time spent in this place.
 C = Inter-level travel time spent in this place.
 D = Time resting spent in this place.
 E = Time spent auto-exploring this place.
 F = Levels seen in this place.
 G = Mean time per level.
                   A        B        C        D        E       F      G
               +--------+--------+--------+--------+--------+-----+--------+
         Total |    777 |    777 |      0 |    100 |    542 |   1 |  777.0 |
       Dungeon |    777 |    777 |      0 |    100 |    542 |   1 |  777.0 |
               +--------+--------+--------+--------+--------+-----+--------+

Top non-repeatable levels by time:
     D:1: 777 daAuts
